 Dungeon Crawl Stone Soup version 0.17-a0-1763-g847a857 (webtiles) character file.

99 hexophile the Cudgeler (level 4, -2/31 HPs)
             Began as an Octopode Berserker on Sept 5, 2015.
             Was a Believer of Trog.
             Slain by Crazy Yiuf
             ... wielding a +4 quarterstaff of chaos
              (12 damage)
             ... on level 2 of the Dungeon.
             The game lasted 00:04:34 (2491 turns).

hexophile the Cudgeler (Octopode Berserker)         Turns: 2491, Time: 00:04:35

Health: -2/31      AC:  1    Str: 17    XL:     4   Next: 72%
Magic:  4/4        EV: 13    Int:  9    God:    Trog [**....]
Gold:   78         SH:  0    Dex: 11    Spells: 0 memorised, 3 levels left

rFire  . . .     SeeInvis .     a - +0 mace
rCold  . . .     Clarity  .     (no shield)
rNeg   . . .     SustAt   .     (helmet restricted)
rPois  .         Gourm    .     (no amulet)
rElec  .         Spirit   .     (no ring)
rCorr  .         Warding  .     (no ring)
rMut   .         Stasis   .     (no ring)
MR     .....                    (no ring)
Stlth  +++.......               (no ring)
                                (no ring)
                                (no ring)
                                (no ring)

@: not resistant to hostile enchantments, fairly stealthy
A: almost no armour, amphibious, 8 rings, constrict 8, camouflage 1, gelatinous
body 1
a: Burn Spellbooks, Berserk, Trog's Hand, Renounce Religion


You were on level 2 of the Dungeon.
You worshipped Trog.
Trog was pleased with you.
You were not hungry.

You visited 1 branch of the dungeon, and saw 2 of its levels.

You collected 78 gold pieces.

Inventory:

Hand weapons
 a - a +0 mace (weapon)
Missiles
 e - 105 stones (quivered)
Magical devices
 n - a wand of flame (22)
Scrolls
 l - a scroll of blinking
Potions
 d - a potion of curing {unknown}
 f - a potion of heal wounds {unknown}
 g - 2 potions of lignification {unknown}
 i - a potion of agility {unknown}
 m - 2 potions of resistance {unknown}
Comestibles
 b - a bread ration
 c - a royal jelly
 h - a meat ration
 j - a beef jerky
 k - 2 chunks of flesh


   Skills:
 - Level 3.0 Fighting
 * Level 4.1 Maces & Flails
 * Level 3.7 Dodging
 * Level 3.0 Stealth


You had 3 spell levels left.
You didn't know any spells.

Dungeon Overview and Level Annotations

Branches:
Dungeon (2/15)

Altars:

Annotations:
D:2 Crazy Yiuf


Innate Abilities, Weirdness & Mutations

You cannot wear most types of armour.
You are amphibious.
You can wear up to eight rings at the same time.
You can use your tentacles to constrict eight enemies at once.
Your skin changes colour to match your surroundings (Stealth).
Your rubbery body absorbs attacks (AC +1).


Message History

You see here a dagger.
You see here a chain mail.
You see here a chain mail.
You see here a dagger.
You open the door.
Crazy Yiuf the Enlightened comes into view.
He is wielding a quarterstaff of chaos.
Found a glowing hammer.
Crazy Yiuf is nearby!
There is an open door here.
Crazy Yiuf is nearby!
Crazy Yiuf shouts!
Crazy Yiuf hits you with a quarterstaff of chaos!
Crazy Yiuf freezes you.
You hit Crazy Yiuf. You grab Crazy Yiuf.
You squeeze Crazy Yiuf, but do no damage.
Crazy Yiuf is lightly wounded.
You constrict Crazy Yiuf.
Crazy Yiuf yells, "Flower horse koolooloo!"
Crazy Yiuf hits you with a quarterstaff of chaos!
You die...

...##....÷......#
#.#
#..##...........#
######.#
#..##.....÷.....#
#......#
#..##...........#
####.######
...##.....#######
#.[..#
...##.##'##
##.#..#
.........# #####
#..#..#
.#.##.##.# #)g.#
#.##..#
.#.##.##.# #.@.#
#.##).#
.#..#.##.# #...#
#.##..#
.+..#.##.# ##'##
#.##..#
.##.#.##.# ♣.♣♣
#.##..#
.##...##.# ♣♣.♣
#.##..#
)##......# ♣.♣♣
#.##..#
......###### ♣♣.♣
#.##..#
.####><....#
♣♣.♣♣ ####..# .#
###.##### ♣♣...♣
#.##..#


You could see Crazy Yiuf.

Vanquished Creatures
  4 adders (D:2)
  A gnoll (D:1)
  An ooze (D:1)
  2 giant geckos
  5 bats
  5 giant cockroaches
  11 goblins
  5 hobgoblins
  2 giant newts (D:1)
  6 kobolds
  7 rats
49 creatures vanquished.

Notes
Turn   | Place    | Note
--------------------------------------------------------------
     0 | D:1      | hexophile the Octopode Berserker began the quest for the Orb.
     0 | D:1      | Reached XP level 1. HP: 16/16 MP: 1/1
   219 | D:1      | Reached XP level 2. HP: 19/21 MP: 2/2
  1031 | D:1      | Reached skill level 1 in Stealth
  1031 | D:1      | Reached XP level 3. HP: 26/26 MP: 3/3
  1560 | D:2      | Reached skill level 4 in Maces & Flails
  1579 | D:2      | HP: 2/26 [poisoned by an adder]
  1587 | D:2      | HP: 1/26 [poisoned by an adder]
  1957 | D:2      | Reached XP level 4. HP: 31/31 MP: 4/4
  2272 | D:2      | Acquired Trog's second power
  2487 | D:2      | Noticed Crazy Yiuf
  2491 | D:2      | Slain by Crazy Yiuf

Vault maps used:
D:1:      dpeg_arrival_tiny_a, grunt_decor_arrowhead
D:2:      uniq_crazy_yiuf_cottage

Action                   |  1- 3 |  4- 6 || total
-------------------------+-------+-------++-------
Melee: Mace              |    66 |    27 ||    93
       Spear             |       |     2 ||     2
Throw: Stone             |       |     2 ||     2
Invok: Berserk           |     1 |     1 ||     2
  Use: Scroll            |     4 |     2 ||     6
 Stab: Sleeping          |     5 |     4 ||     9
  Eat: Chunk             |     3 |       ||     3
       Royal jelly       |     2 |       ||     2
